Login

Gladiators vs Aces

Created - December 3, 2023 at 11:49

Goals
1 2 3 OT1 T
Gladiators 1 2 0 0 3
Aces 1 1 1 1 4
Shots
1 2 3 OT1 T
Gladiators 6 13 19 1 39
Aces 16 11 10 8 45

GoalsPenalties
1st period
1. Aces , Robby Fabbri 4 (Dante Fabbro 3, Mikael Backlund 5) at 11:50
2. Gladiators , T.J. Oshie 2 (Geoff Copses 7, Zach Hyman 10) at 14:16 (SH)
Travis Konecny (ATH) for Roughing (Minor) at 13:26
2nd period
3. Aces , Charlie Coyle 3 (Jordan Kyrou 7, Nick Leddy 7) at 2:31
4. Gladiators , Nico Hischier 5 (Geoff Copses 8, Jake Guentzel 12) at 16:28
5. Gladiators , Jake Guentzel 3 (Travis Konecny 6, Nico Hischier 12) at 17:39
Jaccob Slavin (ATH) for Holding (Minor) at 3:22
Alec Martinez (ATH) for Hooking (Minor) at 9:09
3rd period
6. Aces , Charlie Coyle 4 (Jordan Kyrou 8, Lee Mack 15) at 14:21 (PP)
Ryan Suter (ATH) for Holding (Minor) at 11:35
Jake Oettinger (ATH) for Delaying the game (Minor) at 13:28 - Geoff Copses served the penalty.
Carter Hart (MAL) for Delaying the game (Minor) at 14:51 - Clayton Keller served the penalty.
Overtime #1
7. Aces , Jordan Kyrou 8 (Lee Mack 16, Clayton Keller 5) at 4:24
No Penalty
Goalie Stats
Jake Oettinger (ATH), 41 saves from 45 shots - (0.911), OTL, 10-5-3, 64:25 minutes
Carter Hart (MAL), 36 saves from 39 shots - (0.923), W, 10-7-2, 64:25 minutes
3 StarsOfficial
1 - Jordan Kyrou (MAL)
2 - Geoff Copses (ATH)
3 - Charlie Coyle (MAL)
Referees : Unknown
Linesman : Unknown
Game Note
No Game Note
Finance
Level 1 -- Attendance: 4804 (80.07%) -- Ticket Income $480,400
Level 2 -- Attendance: 3878 (77.56%) -- Ticket Income $232,680
Level 3 -- Attendance: 1464 (73.20%) -- Ticket Income $51,240
Level 4 -- Attendance: 2835 (70.88%) -- Ticket Income $70,875
Luxury Box -- Attendance: 1000 (100.00%) -- Ticket Income $200,000
Game was played at the Ikea Arena.
Total Attendance: 13981 (77.67%)
Total Ticket Income: $1,035,195
Other Income: $414,078
Total Income: $1,449,273



Team Name Goals Shots Shots Attemp Shots Blocked PIM HIT PP PK FO%
Gladiators 339691410120 / 1 (0%)154%
Aces 44579102121 / 5 (20%)046%

Gladiators
Player Name POS G A P +/- PIM HIT SHT SB MP PP MP PP SHT PK MP PK SHT FO% FOT
Alec MartinezD000-1220116:470:3703:2900% 0
Alex TuchLW/RW000-2001018:431:2200:0000% 1
Anthony CirelliC/RW0000002012:350:0005:14074% 23
Colton SissonsC/LW/RW0000011013:010:0000:060100% 3
Evan RodriguesC/LW/RW0000010012:350:0005:1400% 0
Geoff CopsesD0222034627:441:2223:5400% 0
Jaccob SlavinD000-1221024:551:2203:2400% 0
Jake GuentzelLW/RW1120006017:170:3700:00017% 6
Nick SchmaltzC/LW/RW0000005112:550:0000:00038% 16
Nico HischierC1121005114:350:3700:00054% 24
Ryan JohansenC/RW000000007:210:0000:0000% 0
Ryan SuterD0000212420:520:3723:1100% 0
Sam ReinhartC/RW000-1004017:071:2210:00050% 26
Samuel GirardD0000010017:050:0000:0000% 0
Shea TheodoreD0001000116:590:0003:2800% 0
T.J. OshieC/RW1011002016:180:0003:23140% 5
Travis KonecnyLW/RW0111212017:251:2200:000100% 1
Zach HymanLW/RW0110004020:080:3713:23067% 3
Aces
Player Name POS G A P +/- PIM HIT SHT SB MP PP MP PP SHT PK MP PK SHT FO% FOT
Anthony BeauvillierLW000001006:590:0000:0000% 0
Carter VerhaegheC/LW/RW000-1005019:204:2230:00030% 27
Charlie CoyleC/RW202-1016018:564:2220:0000% 3
Clayton KellerLW/RW0110015020:124:2120:00063% 8
Dante FabbroD0112011314:060:0000:0000% 0
Erik CernakD000-3011226:494:0911:1000% 0
Jack HughesC/LW000-1005022:294:2101:24067% 3
Jordan KyrouLW/RW1230015020:404:2200:3500% 2
Lee MackD022-2002128:124:0911:1000% 0
Mikael BacklundC/RW0111002013:470:0000:0000% 0
Nathan MacKinnonC000-1016029:204:2111:24062% 37
Nick LeddyD0112000114:060:0000:0000% 0
Paul StastnyC/LW000000000:000:0000:0000% 0
Robby FabbriC/LW1011013013:470:0000:00047% 17
Ross ColtonC/LW000001006:590:0000:00040% 10
Ryan McDonaghD0000022120:394:3410:4900% 0
Thomas ChabotD0000011120:334:3410:4900% 0
Victor OlofssonLW/RW0001001114:220:0000:3500% 1

Gladiators

5 vs 5 Forward
Line #Left WingCenterRight WingPHYDFOFWanted %Time %Time Play
1Alex TuchSam ReinhartZach Hyman1223031%15:06
2Travis KonecnyNico HischierJake Guentzel1222828%13:56
3Colton SissonsNick SchmaltzT.J. Oshie1222626%12:55
4Evan RodriguesAnthony CirelliRyan Johansen1221615%7:21
5 vs 5 Defense
Line #DefenseDefensePHYDFOFWanted %Time %Time Play
1Geoff CopsesShea Theodore1223027%13:29
2Alec MartinezJaccob Slavin1222826%12:42
3Samuel GirardRyan Suter1222635%17:05
4Geoff CopsesJaccob Slavin1221612%6:02
Power Play Forward
Line #Left WingCenterRight WingPHYDFOFWanted %Time %Time Play
1Alex TuchSam ReinhartTravis Konecny1225569%1:22
2Jake GuentzelNico HischierZach Hyman1224531%0:37
Power Play Defense
Line #DefenseDefensePHYDFOFWanted %Time %Time Play
1Geoff CopsesJaccob Slavin1225569%1:22
2Alec MartinezRyan Suter1224531%0:37
Penalty Kill 4 Players Forward
Line #CenterWingPHYDFOFWanted %Time %Time Play
1Anthony CirelliEvan Rodrigues1225561%5:14
2T.J. OshieZach Hyman1224539%3:23
Penalty Kill 4 Players Defense
Line #DefenseDefensePHYDFOFWanted %Time %Time Play
1Geoff CopsesJaccob Slavin1225555%4:42
2Alec MartinezRyan Suter1224545%3:55
Penalty Kill 3 Players
Line #WingPHYDFOFWanted %Time %Time PlayDefenseDefensePHYDFOFWanted %Time %Time Play
1Colton Sissons12255100%0:06 Geoff CopsesJaccob Slavin122550%0:00
2Evan Rodrigues122450%0:00 Shea TheodoreRyan Suter12245100%0:06
4 vs 4 Forward
Line #CenterWingPHYDFOFWanted %Time %Time Play
1Alex TuchJake Guentzel122550%0:00
2Travis KonecnyZach Hyman122450%0:00
4 vs 4 Defense
Line #DefensePHYDFOFWanted %Time %Time Play
1Geoff CopsesJaccob Slavin122550%0:00
2Alec MartinezRyan Suter122450%0:00
Last Minutes Offensive
Left WingCenterRight WingDefenseDefense
Zach HymanSam ReinhartJake GuentzelGeoff CopsesSamuel Girard
Last Minutes Defensive
Left WingCenterRight WingDefenseDefense
Evan RodriguesAnthony CirelliT.J. OshieGeoff CopsesJaccob Slavin
Time
Total ForwardTotal DefenseLast Minutes OffensiveLast Minutes Defensive
60:00 60:00 0:000:00
Extra Forwards
Normal PowerPlayPenalty Kill
Nick Schmaltz, Anthony Cirelli, T.J. OshieNick Schmaltz, Colton SissonsT.J. Oshie
Extra Defensemen
Normal PowerPlayPenalty Kill
Samuel Girard, Shea Theodore, Alec MartinezSamuel Girard, Shea TheodoreAlec Martinez
Penalty Shots
Alex Tuch, Jake Guentzel, Travis Konecny, Zach Hyman, Sam Reinhart
Goalie
Jake Oettinger, Ville Husso
Custom OT Lines Forwards
Alex Tuch, Jake Guentzel, Travis Konecny, Zach Hyman, Sam Reinhart, Nico Hischier, Nick Schmaltz, Colton Sissons, T.J. Oshie, Ryan Johansen
Custom OT Lines Defensemen
Geoff Copses, Jaccob Slavin, Shea Theodore, Ryan Suter, Samuel Girard
Scratches
Josh Manson (Healthy), Jack Roslovic (Healthy)

Aces

5 vs 5 Forward
Line #Left WingCenterRight WingPHYDFOFWanted %Time %Time Play
1Jack HughesNathan MacKinnonClayton Keller1223029%14:04
2Jordan KyrouCarter VerhaegheCharlie Coyle1222829%14:28
3Victor OlofssonRobby FabbriMikael Backlund1222628%13:47
4Anthony BeauvillierRoss ColtonNathan MacKinnon1221614%6:59
5 vs 5 Defense
Line #DefenseDefensePHYDFOFWanted %Time %Time Play
1Lee MackErik Cernak1223028%13:54
2Ryan McDonaghThomas Chabot1222831%15:10
3Nick LeddyDante Fabbro1222629%14:06
4Lee MackErik Cernak1221612%6:08
Power Play Forward
Line #Left WingCenterRight WingPHYDFOFWanted %Time %Time Play
1Jack HughesNathan MacKinnonClayton Keller1225550%4:21
2Jordan KyrouCarter VerhaegheCharlie Coyle1224550%4:22
Power Play Defense
Line #DefenseDefensePHYDFOFWanted %Time %Time Play
1Lee MackErik Cernak1225548%4:09
2Ryan McDonaghThomas Chabot1224552%4:34
Penalty Kill 4 Players Forward
Line #CenterWingPHYDFOFWanted %Time %Time Play
1Nathan MacKinnonJack Hughes1225571%1:24
2Clayton KellerJordan Kyrou1224529%0:35
Penalty Kill 4 Players Defense
Line #DefenseDefensePHYDFOFWanted %Time %Time Play
1Lee MackErik Cernak1225559%1:10
2Ryan McDonaghThomas Chabot1224541%0:49
Penalty Kill 3 Players
Line #WingPHYDFOFWanted %Time %Time PlayDefenseDefensePHYDFOFWanted %Time %Time Play
1Nathan MacKinnon122550%0:00 Lee MackErik Cernak122550%0:00
2Jack Hughes122450%0:00 Ryan McDonaghThomas Chabot122450%0:00
4 vs 4 Forward
Line #CenterWingPHYDFOFWanted %Time %Time Play
1Nathan MacKinnonJack Hughes122550%0:00
2Clayton KellerJordan Kyrou122450%0:00
4 vs 4 Defense
Line #DefensePHYDFOFWanted %Time %Time Play
1Lee MackErik Cernak122550%0:00
2Ryan McDonaghThomas Chabot122450%0:00
Last Minutes Offensive
Left WingCenterRight WingDefenseDefense
Jack HughesNathan MacKinnonClayton KellerLee MackErik Cernak
Last Minutes Defensive
Left WingCenterRight WingDefenseDefense
Jack HughesNathan MacKinnonClayton KellerLee MackErik Cernak
Time
Total ForwardTotal DefenseLast Minutes OffensiveLast Minutes Defensive
60:00 60:00 0:000:00
Extra Forwards
Normal PowerPlayPenalty Kill
Paul Stastny, Robby Fabbri, Victor OlofssonPaul Stastny, Robby FabbriVictor Olofsson
Extra Defensemen
Normal PowerPlayPenalty Kill
Nick Leddy, Dante Fabbro, Ryan McDonaghNick Leddy, Dante FabbroRyan McDonagh
Penalty Shots
Nathan MacKinnon, Jack Hughes, Clayton Keller, Jordan Kyrou, Carter Verhaeghe
Goalie
Carter Hart, Chris Driedger
Custom OT Lines Forwards
Nathan MacKinnon, Jack Hughes, Clayton Keller, Jordan Kyrou, Carter Verhaeghe, Charlie Coyle, Robby Fabbri, Victor Olofsson, Mikael Backlund, Anthony Beauvillier
Custom OT Lines Defensemen
Lee Mack, Erik Cernak, Ryan McDonagh, Thomas Chabot, Nick Leddy
Scratches
Arthur Kaliyev (Healthy), Philipp Grubauer (Healthy)


Play-by-Play

1st period


0:01 of 1st period - Nathan MacKinnon wins face-off versus Sam Reinhart in neutral zone.
0:32 of 1st period - Shot by Nathan MacKinnon.
0:32 of 1st period - Stopped by Jake Oettinger without a rebound.
0:33 of 1st period - Nico Hischier wins face-off versus Carter Verhaeghe in Gladiators zone.
0:33 of 1st period - Nico Hischier is hit by Charlie Coyle.
0:55 of 1st period - Off-side.
0:56 of 1st period - Nick Schmaltz wins face-off versus Robby Fabbri in neutral zone.
1:22 of 1st period - Shot by Colton Sissons.
1:22 of 1st period - Stopped by Carter Hart without a rebound.
1:23 of 1st period - Anthony Cirelli wins face-off versus Ross Colton in Aces zone.
1:30 of 1st period - Shot by Evan Rodrigues.
1:30 of 1st period - Shot Misses the Net.
1:43 of 1st period - Icing by Anthony Beauvillier.
1:44 of 1st period - Ross Colton wins face-off versus Nico Hischier in Aces zone.
1:49 of 1st period - Shot by Jake Guentzel.
1:49 of 1st period - Stopped by Carter Hart without a rebound.
1:50 of 1st period - Carter Verhaeghe wins face-off versus Nico Hischier in Aces zone.
2:07 of 1st period - Shot by Jordan Kyrou.
2:07 of 1st period - Stopped by Jake Oettinger without a rebound.
2:08 of 1st period - Nick Schmaltz wins face-off versus Robby Fabbri in Gladiators zone.
3:04 of 1st period - Icing by Shea Theodore.
3:05 of 1st period - Nick Schmaltz wins face-off versus Nathan MacKinnon in Gladiators zone.
3:17 of 1st period - Icing by Lee Mack.
3:18 of 1st period - Nathan MacKinnon wins face-off versus Sam Reinhart in Aces zone.
3:50 of 1st period - Shot by Clayton Keller.
3:50 of 1st period - Stopped by Jake Oettinger without a rebound.
3:51 of 1st period - Nico Hischier wins face-off versus Carter Verhaeghe in Gladiators zone.
4:15 of 1st period - Shot by Jordan Kyrou.
4:15 of 1st period - Deflect By Carter Verhaeghe.
4:15 of 1st period - Shot Blocked by Nico Hischier.
5:06 of 1st period - Shot by Evan Rodrigues.
5:06 of 1st period - Shot Misses the Net.
5:09 of 1st period - Icing by Anthony Beauvillier.
5:10 of 1st period - Sam Reinhart wins face-off versus Ross Colton in Aces zone.
5:19 of 1st period - Shot by Alex Tuch.
5:19 of 1st period - Shot Misses the Net.
5:27 of 1st period - Shot by Alex Tuch.
5:27 of 1st period - Deflect By Sam Reinhart.
5:27 of 1st period - Stopped by Carter Hart without a rebound.
5:28 of 1st period - Anthony Cirelli wins face-off versus Robby Fabbri in Aces zone.
5:29 of 1st period - Shot by Evan Rodrigues.
5:29 of 1st period - Deflect By Ryan Johansen.
5:29 of 1st period - Shot Misses the Net.
6:05 of 1st period - Shot by Mikael Backlund.
6:05 of 1st period - Shot Blocked by Ryan Suter.
6:07 of 1st period - Shot by Victor Olofsson.
6:07 of 1st period - Stopped by Jake Oettinger with a rebound.
6:26 of 1st period - Jordan Kyrou is hit by Ryan Suter and loses puck.
6:38 of 1st period - Charlie Coyle is hit by Samuel Girard and loses puck.
7:26 of 1st period - Icing by Geoff Copses.
7:27 of 1st period - Sam Reinhart wins face-off versus Ross Colton in Gladiators zone.
7:39 of 1st period - Shot by Anthony Beauvillier.
7:39 of 1st period - Shot Blocked by Geoff Copses.
7:46 of 1st period - Nathan MacKinnon is hit by Geoff Copses and loses puck.
7:52 of 1st period - Nathan MacKinnon is hit by Geoff Copses and loses puck.
8:01 of 1st period - Shot by Nathan MacKinnon.
8:01 of 1st period - Stopped by Jake Oettinger without a rebound.
8:02 of 1st period - Robby Fabbri wins face-off versus Nick Schmaltz in Gladiators zone.
8:54 of 1st period - Off-side.
8:55 of 1st period - Clayton Keller wins face-off versus Nico Hischier in neutral zone.
9:29 of 1st period - Off-side.
9:30 of 1st period - Sam Reinhart wins face-off versus Carter Verhaeghe in neutral zone.
9:37 of 1st period - Shot by Zach Hyman.
9:37 of 1st period - Deflect By Alex Tuch.
9:37 of 1st period - Shot Misses the Net.
9:40 of 1st period - Icing by Thomas Chabot.
9:41 of 1st period - T.J. Oshie wins face-off versus Carter Verhaeghe in Aces zone.
10:50 of 1st period - Shot by Nathan MacKinnon.
10:50 of 1st period - Shot Blocked by Geoff Copses.
10:52 of 1st period - Shot by Lee Mack.
10:52 of 1st period - Shot Misses the Net.
11:00 of 1st period - Shot by Nathan MacKinnon.
11:00 of 1st period - Shot Misses the Net.
11:02 of 1st period - Shot by Lee Mack.
11:02 of 1st period - Stopped by Jake Oettinger with a rebound.
11:50 of 1st period - Shot by Robby Fabbri.
11:50 of 1st period - Goal by Robby Fabbri - Gladiators : 0 - Aces : 1.
11:51 of 1st period - Anthony Cirelli wins face-off versus Carter Verhaeghe in neutral zone.
11:53 of 1st period - Samuel Girard is hit by Ryan McDonagh.
12:02 of 1st period - Icing by Jordan Kyrou.
12:03 of 1st period - Nico Hischier wins face-off versus Charlie Coyle in Aces zone.
12:19 of 1st period - Icing by Ryan McDonagh.
12:20 of 1st period - Colton Sissons wins face-off versus Carter Verhaeghe in Aces zone.
13:05 of 1st period - Shot by Clayton Keller.
13:05 of 1st period - Shot Misses the Net.
13:26 of 1st period - Minor Penalty to Travis Konecny for Roughing.
13:27 of 1st period - Anthony Cirelli wins face-off versus Nathan MacKinnon in Gladiators zone.
13:42 of 1st period - Shot by Anthony Cirelli.
13:42 of 1st period - Shot Misses the Net.
14:16 of 1st period - Shot by T.J. Oshie.
14:16 of 1st period - Goal by T.J. Oshie - Gladiators : 1 - Aces : 1.
14:17 of 1st period - Carter Verhaeghe wins face-off versus Anthony Cirelli in neutral zone.
14:21 of 1st period - Off-side.
14:22 of 1st period - Carter Verhaeghe wins face-off versus Anthony Cirelli in neutral zone.
14:53 of 1st period - Shot by Carter Verhaeghe.
14:53 of 1st period - Stopped by Jake Oettinger without a rebound.
14:54 of 1st period - Nathan MacKinnon wins face-off versus T.J. Oshie in Gladiators zone.
14:55 of 1st period - Shot by Thomas Chabot.
14:55 of 1st period - Stopped by Jake Oettinger with a rebound.
14:57 of 1st period - Shot by Ryan McDonagh.
14:57 of 1st period - Stopped by Jake Oettinger without a rebound.
14:58 of 1st period - Carter Verhaeghe wins face-off versus T.J. Oshie in Gladiators zone.
15:01 of 1st period - Shot by Charlie Coyle.
15:01 of 1st period - Stopped by Jake Oettinger without a rebound.
15:02 of 1st period - Jack Hughes wins face-off versus T.J. Oshie in Gladiators zone.
16:44 of 1st period - Shot by Charlie Coyle.
16:44 of 1st period - Stopped by Jake Oettinger without a rebound.
16:45 of 1st period - Nathan MacKinnon wins face-off versus Alex Tuch in Gladiators zone.
16:46 of 1st period - Shot by Clayton Keller.
16:46 of 1st period - Stopped by Jake Oettinger without a rebound.
16:47 of 1st period - Sam Reinhart wins face-off versus Clayton Keller in Gladiators zone.
16:57 of 1st period - Shot by Nathan MacKinnon.
16:57 of 1st period - Stopped by Jake Oettinger with a rebound.
16:59 of 1st period - Shot by Clayton Keller.
16:59 of 1st period - Shot Misses the Net.
17:53 of 1st period - Mikael Backlund is hit by Jaccob Slavin and loses puck.
17:57 of 1st period - Mikael Backlund is hit by Alec Martinez and loses puck.
18:16 of 1st period - Shot by Mikael Backlund.
18:16 of 1st period - Stopped by Jake Oettinger without a rebound.
18:17 of 1st period - Carter Verhaeghe wins face-off versus Nick Schmaltz in Gladiators zone.
18:43 of 1st period - Shot by Carter Verhaeghe.
18:43 of 1st period - Shot Misses the Net.
18:45 of 1st period - Shot by Charlie Coyle.
18:45 of 1st period - Deflect By Jordan Kyrou.
18:45 of 1st period - Shot Blocked by Nick Schmaltz.
18:47 of 1st period - Shot by Jordan Kyrou.
18:47 of 1st period - Shot Blocked by Shea Theodore.
19:19 of 1st period - Shot by Ryan McDonagh.
19:19 of 1st period - Stopped by Jake Oettinger without a rebound.
19:20 of 1st period - Ross Colton wins face-off versus Nico Hischier in Gladiators zone.
19:43 of 1st period - Shot by Jake Guentzel.
19:43 of 1st period - Stopped by Carter Hart with a rebound.
19:45 of 1st period - Shot by Ryan Suter.
19:45 of 1st period - Shot Misses the Net.
19:57 of 1st period - Shot by Travis Konecny.
19:57 of 1st period - Stopped by Carter Hart with a rebound.
Goals for this period are 1 for Gladiators vs 1 for Aces.
Shots for this period are 6 for Gladiators vs 16 for Aces.

2nd period


0:01 of 2nd period - Clayton Keller wins face-off versus Sam Reinhart in neutral zone.
0:28 of 2nd period - Shot by Geoff Copses.
0:28 of 2nd period - Stopped by Carter Hart without a rebound.
0:29 of 2nd period - Anthony Cirelli wins face-off versus Robby Fabbri in Aces zone.
1:05 of 2nd period - Icing by Ryan Suter.
1:06 of 2nd period - Anthony Cirelli wins face-off versus Nathan MacKinnon in Gladiators zone.
1:06 of 2nd period - Anthony Cirelli is hit by Clayton Keller.
2:05 of 2nd period - Shot by Charlie Coyle.
2:05 of 2nd period - Stopped by Jake Oettinger with a rebound.
2:23 of 2nd period - Shot by Charlie Coyle.
2:23 of 2nd period - Shot Blocked by Geoff Copses.
2:29 of 2nd period - Shot by Jordan Kyrou.
2:29 of 2nd period - Shot Blocked by Geoff Copses.
2:31 of 2nd period - Shot by Charlie Coyle.
2:31 of 2nd period - Goal by Charlie Coyle - Gladiators : 1 - Aces : 2.
2:32 of 2nd period - Nico Hischier wins face-off versus Robby Fabbri in neutral zone.
2:50 of 2nd period - Icing by Ryan McDonagh.
2:51 of 2nd period - Robby Fabbri wins face-off versus Nick Schmaltz in Aces zone.
3:22 of 2nd period - Minor Penalty to Jaccob Slavin for Holding.
3:23 of 2nd period - Anthony Cirelli wins face-off versus Clayton Keller in Gladiators zone.
4:43 of 2nd period - Shot by Carter Verhaeghe.
4:43 of 2nd period - Shot Misses the Net.
4:45 of 2nd period - Shot by Ryan McDonagh.
4:45 of 2nd period - Shot Blocked by Geoff Copses.
5:15 of 2nd period - Shot by Lee Mack.
5:15 of 2nd period - Shot Misses the Net.
5:17 of 2nd period - Shot by Lee Mack.
5:17 of 2nd period - Shot Misses the Net.
5:31 of 2nd period - Shot by Robby Fabbri.
5:31 of 2nd period - Stopped by Jake Oettinger without a rebound.
5:32 of 2nd period - Travis Konecny wins face-off versus Robby Fabbri in Gladiators zone.
5:32 of 2nd period - Travis Konecny is hit by Robby Fabbri.
5:54 of 2nd period - Shot by Nico Hischier.
5:54 of 2nd period - Stopped by Carter Hart without a rebound.
5:55 of 2nd period - Carter Verhaeghe wins face-off versus Sam Reinhart in Aces zone.
6:06 of 2nd period - Shot by Jordan Kyrou.
6:06 of 2nd period - Stopped by Jake Oettinger with a rebound.
6:13 of 2nd period - Zach Hyman is hit by Thomas Chabot.
6:15 of 2nd period - Shot by Sam Reinhart.
6:15 of 2nd period - Shot Blocked by Ryan McDonagh.
6:17 of 2nd period - Shot by Samuel Girard.
6:17 of 2nd period - Shot Blocked by Thomas Chabot.
6:41 of 2nd period - Icing by Alex Tuch.
6:42 of 2nd period - Sam Reinhart wins face-off versus Nathan MacKinnon in Gladiators zone.
6:57 of 2nd period - Shot by Nathan MacKinnon.
6:57 of 2nd period - Shot Misses the Net.
7:12 of 2nd period - Shot by Nico Hischier.
7:12 of 2nd period - Stopped by Carter Hart with a rebound.
7:14 of 2nd period - Shot by Nico Hischier.
7:14 of 2nd period - Stopped by Carter Hart without a rebound.
7:15 of 2nd period - Robby Fabbri wins face-off versus Nick Schmaltz in Aces zone.
7:15 of 2nd period - Robby Fabbri is hit by Colton Sissons.
7:49 of 2nd period - Shot by Nick Schmaltz.
7:49 of 2nd period - Stopped by Carter Hart with a rebound.
7:51 of 2nd period - Shot by Shea Theodore.
7:51 of 2nd period - Shot Blocked by Nick Leddy.
7:53 of 2nd period - Shot by Colton Sissons.
7:53 of 2nd period - Deflect By T.J. Oshie.
7:53 of 2nd period - Stopped by Carter Hart with a rebound.
8:04 of 2nd period - Icing by Dante Fabbro.
8:05 of 2nd period - Robby Fabbri wins face-off versus Nico Hischier in Aces zone.
8:26 of 2nd period - Shot by Clayton Keller.
8:26 of 2nd period - Stopped by Jake Oettinger without a rebound.
8:27 of 2nd period - Sam Reinhart wins face-off versus Carter Verhaeghe in Gladiators zone.
8:52 of 2nd period - Shot by Sam Reinhart.
8:52 of 2nd period - Stopped by Carter Hart without a rebound.
8:53 of 2nd period - Ross Colton wins face-off versus Nico Hischier in Aces zone.
9:09 of 2nd period - Minor Penalty to Alec Martinez for Hooking.
9:10 of 2nd period - Anthony Cirelli wins face-off versus Charlie Coyle in Gladiators zone.
9:40 of 2nd period - Shot by Carter Verhaeghe.
9:40 of 2nd period - Stopped by Jake Oettinger without a rebound.
9:41 of 2nd period - T.J. Oshie wins face-off versus Nathan MacKinnon in Gladiators zone.
10:23 of 2nd period - Shot by Lee Mack.
10:23 of 2nd period - Stopped by Jake Oettinger without a rebound.
10:24 of 2nd period - Anthony Cirelli wins face-off versus Carter Verhaeghe in Gladiators zone.
10:24 of 2nd period - Anthony Cirelli is hit by Jordan Kyrou.
10:39 of 2nd period - Off-side.
10:40 of 2nd period - Anthony Cirelli wins face-off versus Carter Verhaeghe in neutral zone.
11:11 of 2nd period - Shot by Charlie Coyle.
11:11 of 2nd period - Stopped by Jake Oettinger without a rebound.
11:12 of 2nd period - Nico Hischier wins face-off versus Nathan MacKinnon in Gladiators zone.
12:19 of 2nd period - Icing by Nick Leddy.
12:20 of 2nd period - Colton Sissons wins face-off versus Robby Fabbri in Aces zone.
12:20 of 2nd period - Colton Sissons is hit by Dante Fabbro.
12:41 of 2nd period - Shot by T.J. Oshie.
12:41 of 2nd period - Shot Blocked by Dante Fabbro.
13:21 of 2nd period - Shot by Sam Reinhart.
13:21 of 2nd period - Stopped by Carter Hart with a rebound.
13:51 of 2nd period - Shot by Nathan MacKinnon.
13:51 of 2nd period - Stopped by Jake Oettinger without a rebound.
13:52 of 2nd period - Carter Verhaeghe wins face-off versus Anthony Cirelli in Gladiators zone.
15:13 of 2nd period - Shot by Nick Schmaltz.
15:13 of 2nd period - Stopped by Carter Hart without a rebound.
15:14 of 2nd period - Nathan MacKinnon wins face-off versus Sam Reinhart in Aces zone.
16:06 of 2nd period - Icing by Thomas Chabot.
16:07 of 2nd period - Nico Hischier wins face-off versus Nathan MacKinnon in Aces zone.
16:10 of 2nd period - Shot by Nico Hischier.
16:10 of 2nd period - Shot Misses the Net.
16:12 of 2nd period - Shot by Nico Hischier.
16:12 of 2nd period - Deflect By Jake Guentzel.
16:12 of 2nd period - Stopped by Carter Hart without a rebound.
16:13 of 2nd period - Nico Hischier wins face-off versus Carter Verhaeghe in Aces zone.
16:28 of 2nd period - Shot by Nico Hischier.
16:28 of 2nd period - Goal by Nico Hischier - Gladiators : 2 - Aces : 2.
16:29 of 2nd period - Robby Fabbri wins face-off versus Nick Schmaltz in neutral zone.
16:38 of 2nd period - Shot by Nick Schmaltz.
16:38 of 2nd period - Shot Misses the Net.
16:54 of 2nd period - Icing by Samuel Girard.
16:55 of 2nd period - Carter Verhaeghe wins face-off versus Nick Schmaltz in Gladiators zone.
17:08 of 2nd period - Shot by Nick Schmaltz.
17:08 of 2nd period - Shot Misses the Net.
17:39 of 2nd period - Shot by Jake Guentzel.
17:39 of 2nd period - Goal by Jake Guentzel - Gladiators : 3 - Aces : 2.
17:40 of 2nd period - Sam Reinhart wins face-off versus Nathan MacKinnon in neutral zone.
17:42 of 2nd period - Alex Tuch is hit by Anthony Beauvillier and loses puck.
17:50 of 2nd period - Sam Reinhart is hit by Ryan McDonagh and loses puck.
17:55 of 2nd period - Shot by Zach Hyman.
17:55 of 2nd period - Stopped by Carter Hart without a rebound.
17:56 of 2nd period - Nico Hischier wins face-off versus Robby Fabbri in Aces zone.
18:20 of 2nd period - Shot by Mikael Backlund.
18:20 of 2nd period - Stopped by Jake Oettinger with a rebound.
18:22 of 2nd period - Shot by Dante Fabbro.
18:22 of 2nd period - Shot Misses the Net.
18:24 of 2nd period - Shot by Dante Fabbro.
18:24 of 2nd period - Stopped by Jake Oettinger without a rebound.
18:25 of 2nd period - Nathan MacKinnon wins face-off versus Anthony Cirelli in Gladiators zone.
18:53 of 2nd period - Icing by Erik Cernak.
18:54 of 2nd period - Nathan MacKinnon wins face-off versus Sam Reinhart in Aces zone.
19:01 of 2nd period - Shot by Nathan MacKinnon.
19:01 of 2nd period - Shot Blocked by Alec Martinez.
Goals for this period are 2 for Gladiators vs 1 for Aces.
Shots for this period are 13 for Gladiators vs 11 for Aces.

3rd period


0:01 of 3rd period - Nico Hischier wins face-off versus Ross Colton in neutral zone.
0:12 of 3rd period - Jake Guentzel is hit by Erik Cernak.
0:59 of 3rd period - Icing by Erik Cernak.
1:00 of 3rd period - Anthony Cirelli wins face-off versus Ross Colton in Aces zone.
1:18 of 3rd period - Shot by Anthony Cirelli.
1:18 of 3rd period - Stopped by Carter Hart with a rebound.
1:44 of 3rd period - Shot by Carter Verhaeghe.
1:44 of 3rd period - Stopped by Jake Oettinger without a rebound.
1:45 of 3rd period - Robby Fabbri wins face-off versus Nick Schmaltz in Gladiators zone.
2:08 of 3rd period - Shot by Robby Fabbri.
2:08 of 3rd period - Stopped by Jake Oettinger without a rebound.
2:09 of 3rd period - Sam Reinhart wins face-off versus Carter Verhaeghe in Gladiators zone.
2:19 of 3rd period - Icing by Jaccob Slavin.
2:20 of 3rd period - Sam Reinhart wins face-off versus Carter Verhaeghe in Gladiators zone.
2:43 of 3rd period - Shot by Sam Reinhart.
2:43 of 3rd period - Shot Misses the Net.
2:45 of 3rd period - Shot by Sam Reinhart.
2:45 of 3rd period - Shot Misses the Net.
2:47 of 3rd period - Shot by Zach Hyman.
2:47 of 3rd period - Stopped by Carter Hart without a rebound.
2:48 of 3rd period - Nick Schmaltz wins face-off versus Nathan MacKinnon in Aces zone.
3:11 of 3rd period - Nathan MacKinnon is hit by Geoff Copses and loses puck.
4:09 of 3rd period - Shot by Jake Guentzel.
4:09 of 3rd period - Shot Misses the Net.
4:11 of 3rd period - Shot by Jaccob Slavin.
4:11 of 3rd period - Shot Misses the Net.
4:13 of 3rd period - Shot by Jaccob Slavin.
4:13 of 3rd period - Stopped by Carter Hart without a rebound.
4:14 of 3rd period - Sam Reinhart wins face-off versus Carter Verhaeghe in Aces zone.
4:19 of 3rd period - Shot by Sam Reinhart.
4:19 of 3rd period - Deflect By Alex Tuch.
4:19 of 3rd period - Shot Misses the Net.
4:29 of 3rd period - Shot by Carter Verhaeghe.
4:29 of 3rd period - Stopped by Jake Oettinger without a rebound.
4:30 of 3rd period - Ross Colton wins face-off versus Nico Hischier in Gladiators zone.
4:39 of 3rd period - Anthony Beauvillier is hit by Jaccob Slavin and loses puck.
4:58 of 3rd period - Shot by Nico Hischier.
4:58 of 3rd period - Stopped by Carter Hart with a rebound.
5:01 of 3rd period - Icing by Ryan McDonagh.
5:02 of 3rd period - Nathan MacKinnon wins face-off versus Sam Reinhart in Aces zone.
5:43 of 3rd period - Shot by Zach Hyman.
5:43 of 3rd period - Shot Blocked by Lee Mack.
5:45 of 3rd period - Shot by Geoff Copses.
5:45 of 3rd period - Shot Blocked by Erik Cernak.
6:33 of 3rd period - Icing by Nick Leddy.
6:34 of 3rd period - Robby Fabbri wins face-off versus Nico Hischier in Aces zone.
7:04 of 3rd period - Shot by Jake Guentzel.
7:04 of 3rd period - Shot Blocked by Dante Fabbro.
7:06 of 3rd period - Shot by Alec Martinez.
7:06 of 3rd period - Shot Blocked by Dante Fabbro.
7:08 of 3rd period - Shot by Jaccob Slavin.
7:08 of 3rd period - Shot Blocked by Victor Olofsson.
7:23 of 3rd period - Icing by Mikael Backlund.
7:24 of 3rd period - Nick Schmaltz wins face-off versus Robby Fabbri in Aces zone.
7:51 of 3rd period - Shot by Nick Schmaltz.
7:51 of 3rd period - Stopped by Carter Hart without a rebound.
7:52 of 3rd period - Zach Hyman wins face-off versus Carter Verhaeghe in Aces zone.
8:11 of 3rd period - Shot by Alex Tuch.
8:11 of 3rd period - Shot Misses the Net.
8:34 of 3rd period - Icing by Alex Tuch.
8:35 of 3rd period - Sam Reinhart wins face-off versus Nathan MacKinnon in Gladiators zone.
8:35 of 3rd period - Sam Reinhart is hit by Nathan MacKinnon.
8:42 of 3rd period - Icing by Erik Cernak.
8:43 of 3rd period - Nathan MacKinnon wins face-off versus Nick Schmaltz in Aces zone.
8:57 of 3rd period - Shot by Nick Schmaltz.
8:57 of 3rd period - Stopped by Carter Hart with a rebound.
8:59 of 3rd period - Shot by T.J. Oshie.
8:59 of 3rd period - Shot Blocked by Erik Cernak.
9:01 of 3rd period - Shot by Geoff Copses.
9:01 of 3rd period - Stopped by Carter Hart without a rebound.
9:02 of 3rd period - Robby Fabbri wins face-off versus Nico Hischier in Aces zone.
9:04 of 3rd period - Mikael Backlund is hit by Travis Konecny and loses puck.
9:13 of 3rd period - Shot by Jake Guentzel.
9:13 of 3rd period - Stopped by Carter Hart without a rebound.
9:14 of 3rd period - Clayton Keller wins face-off versus Nick Schmaltz in Aces zone.
9:16 of 3rd period - Icing by Nathan MacKinnon.
9:17 of 3rd period - Clayton Keller wins face-off versus Anthony Cirelli in Aces zone.
9:24 of 3rd period - Shot by Jack Hughes.
9:24 of 3rd period - Stopped by Jake Oettinger without a rebound.
9:25 of 3rd period - Nathan MacKinnon wins face-off versus Nick Schmaltz in Gladiators zone.
9:52 of 3rd period - Shot by Nick Schmaltz.
9:52 of 3rd period - Stopped by Carter Hart without a rebound.
9:53 of 3rd period - Nico Hischier wins face-off versus Jordan Kyrou in Aces zone.
9:58 of 3rd period - Shot by Jake Guentzel.
9:58 of 3rd period - Shot Misses the Net.
10:14 of 3rd period - Shot by Jake Guentzel.
10:14 of 3rd period - Stopped by Carter Hart without a rebound.
10:15 of 3rd period - Nathan MacKinnon wins face-off versus Sam Reinhart in Aces zone.
11:23 of 3rd period - Dante Fabbro is hit by Evan Rodrigues and loses puck.
11:35 of 3rd period - Minor Penalty to Ryan Suter for Holding.
11:36 of 3rd period - Anthony Cirelli wins face-off versus Carter Verhaeghe in Gladiators zone.
11:55 of 3rd period - Shot by Thomas Chabot.
11:55 of 3rd period - Shot Misses the Net.
11:57 of 3rd period - Shot by Carter Verhaeghe.
11:57 of 3rd period - Stopped by Jake Oettinger without a rebound.
11:58 of 3rd period - Nathan MacKinnon wins face-off versus Anthony Cirelli in Gladiators zone.
11:59 of 3rd period - Shot by Clayton Keller.
11:59 of 3rd period - Stopped by Jake Oettinger without a rebound.
12:00 of 3rd period - Anthony Cirelli wins face-off versus Carter Verhaeghe in Gladiators zone.
12:32 of 3rd period - Carter Verhaeghe is hit by Alec Martinez and loses puck.
13:01 of 3rd period - Shot by Erik Cernak.
13:01 of 3rd period - Stopped by Jake Oettinger without a rebound.
13:02 of 3rd period - Anthony Cirelli wins face-off versus Nathan MacKinnon in Gladiators zone.
13:28 of 3rd period - Shot by Clayton Keller.
13:28 of 3rd period - Stopped by Jake Oettinger without a rebound.
13:28 of 3rd period - Minor Penalty to Jake Oettinger for Delaying the game.
13:29 of 3rd period - Colton Sissons wins face-off versus Carter Verhaeghe in Gladiators zone.
13:43 of 3rd period - Off-side.
13:44 of 3rd period - Anthony Cirelli wins face-off versus Nathan MacKinnon in neutral zone.
13:55 of 3rd period - Shot by Thomas Chabot.
13:55 of 3rd period - Deflect By Nathan MacKinnon.
13:55 of 3rd period - Stopped by Jake Oettinger without a rebound.
13:56 of 3rd period - Anthony Cirelli wins face-off versus Carter Verhaeghe in Gladiators zone.
14:21 of 3rd period - Shot by Charlie Coyle.
14:21 of 3rd period - Goal by Charlie Coyle - Gladiators : 3 - Aces : 3.
14:22 of 3rd period - Nathan MacKinnon wins face-off versus Nico Hischier in neutral zone.
14:49 of 3rd period - Shot by Nico Hischier.
14:49 of 3rd period - Shot Misses the Net.
14:51 of 3rd period - Shot by Travis Konecny.
14:51 of 3rd period - Stopped by Carter Hart without a rebound.
14:51 of 3rd period - Minor Penalty to Carter Hart for Delaying the game.
14:52 of 3rd period - Nathan MacKinnon wins face-off versus Sam Reinhart in Aces zone.
14:58 of 3rd period - Icing by Geoff Copses.
14:59 of 3rd period - Nathan MacKinnon wins face-off versus Sam Reinhart in Gladiators zone.
15:32 of 3rd period - Shot by Geoff Copses.
15:32 of 3rd period - Stopped by Carter Hart without a rebound.
15:33 of 3rd period - Nico Hischier wins face-off versus Jordan Kyrou in Aces zone.
15:34 of 3rd period - Shot by Ryan Suter.
15:34 of 3rd period - Stopped by Carter Hart without a rebound.
15:35 of 3rd period - Nico Hischier wins face-off versus Victor Olofsson in Aces zone.
16:07 of 3rd period - Shot by Zach Hyman.
16:07 of 3rd period - Stopped by Carter Hart without a rebound.
16:08 of 3rd period - Sam Reinhart wins face-off versus Jack Hughes in Aces zone.
16:09 of 3rd period - Shot by Alex Tuch.
16:09 of 3rd period - Shot Misses the Net.
16:11 of 3rd period - Shot by Geoff Copses.
16:11 of 3rd period - Stopped by Carter Hart without a rebound.
16:12 of 3rd period - Sam Reinhart wins face-off versus Nathan MacKinnon in Aces zone.
16:25 of 3rd period - Shot by Sam Reinhart.
16:25 of 3rd period - Stopped by Carter Hart without a rebound.
16:26 of 3rd period - Nico Hischier wins face-off versus Nathan MacKinnon in Aces zone.
16:27 of 3rd period - Shot by Ryan Suter.
16:27 of 3rd period - Stopped by Carter Hart without a rebound.
16:28 of 3rd period - Nathan MacKinnon wins face-off versus Sam Reinhart in Aces zone.
17:08 of 3rd period - Shot by Jordan Kyrou.
17:08 of 3rd period - Shot Misses the Net.
17:25 of 3rd period - Icing by Ryan Suter.
17:26 of 3rd period - Nick Schmaltz wins face-off versus Ross Colton in Gladiators zone.
17:26 of 3rd period - Nick Schmaltz is hit by Ross Colton.
19:07 of 3rd period - Shot by Alex Tuch.
19:07 of 3rd period - Stopped by Carter Hart without a rebound.
19:08 of 3rd period - Anthony Cirelli wins face-off versus Carter Verhaeghe in Aces zone.
19:27 of 3rd period - Shot by Ryan Johansen.
19:27 of 3rd period - Shot Misses the Net.
19:29 of 3rd period - Shot by Anthony Cirelli.
19:29 of 3rd period - Stopped by Carter Hart without a rebound.
19:30 of 3rd period - Nathan MacKinnon wins face-off versus Sam Reinhart in Aces zone.
19:39 of 3rd period - Shot by Jack Hughes.
19:39 of 3rd period - Shot Misses the Net.
19:41 of 3rd period - Shot by Lee Mack.
19:41 of 3rd period - Shot Misses the Net.
19:43 of 3rd period - Shot by Clayton Keller.
19:43 of 3rd period - Shot Blocked by Ryan Suter.
19:45 of 3rd period - Shot by Lee Mack.
19:45 of 3rd period - Shot Blocked by Ryan Suter.
19:47 of 3rd period - Shot by Clayton Keller.
19:47 of 3rd period - Shot Blocked by Ryan Suter.
Goals for this period are 0 for Gladiators vs 1 for Aces.
Shots for this period are 19 for Gladiators vs 10 for Aces.

Overtime #1


0:01 of 1st overtime period - Nathan MacKinnon wins face-off versus Jake Guentzel in neutral zone.
0:20 of 1st overtime period - Shot by Jack Hughes.
0:20 of 1st overtime period - Stopped by Jake Oettinger without a rebound.
0:21 of 1st overtime period - Nathan MacKinnon wins face-off versus Jake Guentzel in Gladiators zone.
0:36 of 1st overtime period - Shot by Jack Hughes.
0:36 of 1st overtime period - Stopped by Jake Oettinger without a rebound.
0:37 of 1st overtime period - Nathan MacKinnon wins face-off versus Jake Guentzel in Gladiators zone.
0:48 of 1st overtime period - Shot by Jack Hughes.
0:48 of 1st overtime period - Stopped by Jake Oettinger without a rebound.
0:49 of 1st overtime period - Nathan MacKinnon wins face-off versus Jake Guentzel in Gladiators zone.
1:12 of 1st overtime period - Shot by Jack Hughes.
1:12 of 1st overtime period - Shot Misses the Net.
1:14 of 1st overtime period - Shot by Lee Mack.
1:14 of 1st overtime period - Shot Misses the Net.
1:16 of 1st overtime period - Shot by Lee Mack.
1:16 of 1st overtime period - Shot Misses the Net.
1:18 of 1st overtime period - Shot by Lee Mack.
1:18 of 1st overtime period - Shot Blocked by Geoff Copses.
1:25 of 1st overtime period - Icing by Geoff Copses.
1:26 of 1st overtime period - Clayton Keller wins face-off versus Jake Guentzel in Gladiators zone.
2:05 of 1st overtime period - Shot by Clayton Keller.
2:05 of 1st overtime period - Deflect By Jordan Kyrou.
2:05 of 1st overtime period - Stopped by Jake Oettinger with a rebound.
2:41 of 1st overtime period - Off-side.
2:42 of 1st overtime period - Zach Hyman wins face-off versus Charlie Coyle in neutral zone.
2:47 of 1st overtime period - Shot by Zach Hyman.
2:47 of 1st overtime period - Stopped by Carter Hart without a rebound.
2:48 of 1st overtime period - Jack Hughes wins face-off versus Zach Hyman in Aces zone.
3:21 of 1st overtime period - Shot by Jack Hughes.
3:21 of 1st overtime period - Stopped by Jake Oettinger without a rebound.
3:22 of 1st overtime period - Nathan MacKinnon wins face-off versus Nico Hischier in Gladiators zone.
3:23 of 1st overtime period - Shot by Jordan Kyrou.
3:23 of 1st overtime period - Stopped by Jake Oettinger without a rebound.
3:24 of 1st overtime period - Nathan MacKinnon wins face-off versus Sam Reinhart in Gladiators zone.
3:32 of 1st overtime period - Shot by Jack Hughes.
3:32 of 1st overtime period - Shot Misses the Net.
3:34 of 1st overtime period - Shot by Jack Hughes.
3:34 of 1st overtime period - Shot Misses the Net.
4:00 of 1st overtime period - Shot by Nathan MacKinnon.
4:00 of 1st overtime period - Stopped by Jake Oettinger without a rebound.
4:01 of 1st overtime period - Jake Guentzel wins face-off versus Clayton Keller in Gladiators zone.
4:22 of 1st overtime period - Shot by Jordan Kyrou.
4:22 of 1st overtime period - Shot Misses the Net.
4:24 of 1st overtime period - Shot by Jordan Kyrou.
4:24 of 1st overtime period - Goal by Jordan Kyrou - Gladiators : 3 - Aces : 4.
Goals for this period are 0 for Gladiators vs 1 for Aces.
Shots for this period are 1 for Gladiators vs 8 for Aces.